 Dungeon Crawl Stone Soup version 0.26-a0-505-g732bf3b8d2 (webtiles) character file.

Game seed: 6507615605016306467

12329 KristoblXynda the Covert (level 11, -3/79 HPs)
             Began as a Vampire Gladiator on Aug 9, 2020.
             Was a Believer of Ashenzari.
             Killed from afar by a fire crab (11 damage)
             ... with a blast of flame
             ... on level 12 of the Dungeon.
             The game lasted 00:18:18 (11214 turns).

KristoblXynda the Covert (Vampire Gladiator)       Turns: 11214, Time: 00:18:19

Health: -3/79      AC: 12    Str: 15    XL:     11   Next: 61%
Magic:  11/11      EV: 18    Int: 12    God:    Ashenzari [**....]
Gold:   567        SH:  7    Dex: 16    Spells: 6/10 levels left

rFire    . . .     SeeInvis +   I - +5 demon blade of Satyriasis {venom, rC+ SInv} (curse)
rCold    + . .     Faith    .   w - +2 buckler (curse)
rNeg     . . .     Spirit   .   k - +0 ring mail
rPois    .         Reflect  .   c - +0 helmet
rElec    .         Harm     .   g - +0 cloak
rCorr    .                      D - +1 pair of gloves
MR       +....                  C - +0 pair of boots
Stlth    ++++......             (no amulet)
HPRegen  0.43/turn              (no ring)
MPRegen  0.12/turn              (no ring)

@: very slightly contaminated, regenerating quickly
A: fangs 3, see invisible, unbreathing
a: Exsanguinate, Curse Item, Scrying, Renounce Religion


You were on level 12 of the Dungeon.
You worshipped Ashenzari.
Ashenzari was pleased with you.
You visited 2 branches of the dungeon, and saw 13 of its levels.
You also visited: Bailey.

You collected 727 gold pieces.
You spent 160 gold pieces at shops.

Inventory:

Hand Weapons
 I - the cursed +5 demon blade of Satyriasis (weapon) {venom, rC+ SInv}
   (You acquired it on level 11 of the Dungeon)

   It poisons the flesh of those it strikes.
   It protects you from cold.
   It lets you see invisible.
   It has a curse placed upon it.
Missiles
 d - 2 throwing nets (quivered)
Armour
 c - a +0 helmet (worn)
 g - a +0 cloak (worn)
 k - a +0 ring mail (worn)
 w - a cursed +2 buckler (worn)
 C - a +0 pair of boots (worn)
 D - a +1 pair of gloves (worn)
Wands
 m - a wand of iceblast (6)
 y - a wand of disintegration (34)
 A - a wand of paralysis (3)
 G - a wand of acid (4)
Scrolls
 b - 5 scrolls of remove curse
 e - a scroll of identify
 f - a scroll of vulnerability {unknown}
 i - 4 scrolls of teleportation
 j - 4 scrolls of magic mapping
 p - 3 scrolls of amnesia
 q - 2 scrolls of enchant armour {unknown}
 v - 2 scrolls of fear {unknown}
 z - a scroll of summoning {unknown}
 F - 5 scrolls of immolation
 K - 3 scrolls of enchant weapon
Potions
 a - 5 potions of might
 h - a potion of stabbing
 l - a potion of invisibility
 n - a potion of ambrosia
 o - 4 potions of haste
 r - 3 potions of brilliance
 t - a potion of flight
 u - 3 potions of lignification
 x - 3 potions of resistance
 B - 2 potions of cancellation
 E - 4 potions of curing
 J - 3 potions of heal wounds
Miscellaneous
 H - a tin of tremorstones (3/3)


   Skills:
 - Level 5.0 Fighting
 + Level 9.7(11.8) Long Blades
 - Level 2.0 Throwing
 + Level 5.8 Armour
 + Level 10.5 Dodging
 - Level 10.7 Stealth
 - Level 4.0(5.4) Shields
 + Level 3.0 Transmutations
 - Level 4.4 Evocations


You had 6 spell levels left.
You knew the following spells:

 Your Spells              Type           Power        Failure   Level
a - Petrify               Tmut/Erth      #.......     97%         4

Your spell library contained the following spells:

 Spells                   Type           Power        Failure   Level
 Beastly Appendage        Tmut           #.....       17%         1
 Wereblood                Tmut           #.......     26%         2
 Passwall                 Tmut/Erth      #.......     43%         2
 Sandblast                Erth           #.....       52%         1
 Spider Form              Tmut/Pois      #.........   67%         3
 Confusing Touch          Hex            #.......     87%         3
 Gell's Gravitas          Tloc           #.........   87%         3
 Stone Arrow              Conj/Erth      #.....       87%         3
 Ice Form                 Ice/Tmut       #.......     97%         4
 Blade Hands              Tmut           #.........   99%         5
 Bolt of Magma            Conj/Fire/Erth #.........   100%        5
 Iskenderun's Battlesphe  Conj           #.......     100%        5
 Lee's Rapid Deconstruct  Erth           #.........   100%        5
 Metabolic Englaciation   Hex/Ice        #.........   100%        5
 Yara's Violent Unravell  Hex/Tmut       #.........   100%        5
 Iron Shot                Conj/Erth      #.........   100%        6
 Orb of Destruction       Conj           #.........   100%        7
 Spellforged Servitor     Conj/Summ      #.........   100%        7


Dungeon Overview and Level Annotations

Branches:
Dungeon (12/15)            Temple (1/1) D:5            Lair (0/6) D:11
 Bailey (visited)
    Orc: D:9-12

Altars:
Ashenzari
Cheibriados
Dithmenos
Elyvilon
Fedhas
Gozag
Hepliaklqana
Kikubaaqudgha
Makhleb
Nemelex Xobeh
Okawaru
Qazlal
Ru
Sif Muna
Trog
Uskayaw
Vehumet
Wu Jian
Xom
Yredelemnul
Zin
The Shining One
Lugonu

Shops:
D:5 *   D:6 (   D:8 (   D:11 ?


Innate Abilities, Weirdness & Mutations

Your natural rate of healing is unusually fast.
You have razor-sharp teeth.
You have supernaturally acute eyesight. (SInv)
You can survive without breathing.


Message History

The fire crab is moderately wounded.
The fire crab closely misses you. The wyvern bites you!
You see here an adder corpse.
You barely miss the fire crab.
The fire crab is moderately wounded.
The wyvern bites you!
* * * LOW HITPOINT WARNING * * *
The fire crab closely misses you. The fire crab claws you.
* * * LOW HITPOINT WARNING * * *
You are engulfed in flames!
* * * LOW HITPOINT WARNING * * *
The cyclops misses you.
Press: ? - help, Dir - move target cursor You are very lightly contaminated with residual magic.
As you read the scroll of blinking, it crumbles to dust.
You kill the wyvern!
Your Transmutations skill increases to level 3!
The fire crab breathes flames at you. The blast of flame engulfs you!
You die...

≈P♣≈≈≈###....##... ..# *,
♣≈P...<.........###C.##.##
P#####....###..#(§#.$..l.
#......### , ##.[#* .#
#.###..# * ,##t.##..#, *
#.###..# , ##☼....#.# *,###
#####.#?...# , ##○......#,,
... .......###.# *
##☼..####..#,#.# * ####...#
#.# * #@.###..###.#.# *
#...#*#.. ,,#.##......##.#* ,
####..#...#.#*,#.....#.)....#
*,,
......##.##.#,,###......##..#
*,, ..##.## .# .#
#.###..###..#...# ..##.# *,#
,,,##..####...####### .....#*
* ,,.##.).....##.....#
..####* ,
###,#..##.....##..###..
......,, ,.. #...###.###..##
##.


You could see a fire crab.

Vanquished Creatures
  Gastronok (D:8)
  A hydra (D:11)
  Erolcha (D:9)
  Pikel (D:5)
  An orc knight (Bailey)
  An ugly thing (D:11)
  A troll (D:9)
  5 hippogriffs
  2 water elementals (D:12)
  2 wraiths
  A shadow (D:12)
  7 yaks (D:10)
  Eustachio (D:6)
  Grum (D:9)
  2 wyverns
  A steam dragon (D:11)
  Menkaure (D:6)
  A water moccasin (D:5)
  7 orc warriors
  An ice beast (D:8)
  5 sky beasts
  A necrophage (D:11)
  6 ogres
  2 wolves (D:9)
  A crocodile (D:8)
  3 centaurs
  4 bullfrogs
  Blork the orc (D:4)
  2 water moccasin zombies (D:5)
  A water moccasin skeleton (D:12)
  3 scorpions
  7 killer bees
  2 howler monkeys
  A quasit (D:10)
  A centaur zombie (D:8)
  2 bullfrog zombies
  2 bullfrog skeletons
  A jelly (D:9)
  3 hounds
  3 orc priests
  2 centaur skeletons
  8 orc wizards
  5 iguanas
  5 worker ants
  A hound zombie (D:6)
  A hound skeleton (D:11)
  A worker ant zombie (D:6)
  A howler monkey skeleton (D:4)
  10 adders
  A shadow imp (D:5)
  A white imp (D:6)
  An ooze (D:5)
  2 worms
  5 dart slugs
  3 leopard geckos
  26 orcs
  5 giant cockroaches
  12 hobgoblins
  14 jackals
  2 quokkas
  3 ball pythons
  5 bats
  2 frilled lizards
  7 goblins
  2 jackal skeletons
  15 kobolds
  A quokka skeleton (D:9)
  A rat (D:2)
232 creatures vanquished.

Vanquished Creatures (others)
  An orc wizard (D:3)
  An orc (D:11)
2 creatures vanquished.

Grand Total: 234 creatures vanquished

Notes
Turn   | Place    | Note
-------+----------+-------------------------------------------
     0 | D:1      | KristoblXynda the Vampire Gladiator began the quest for the
                  | Orb.
     0 | D:1      | Reached XP level 1. HP: 16/16 MP: 1/1
   111 | D:1      | Reached XP level 2. HP: 16/22 MP: 2/2
   717 | D:2      | Reached XP level 3. HP: 27/27 MP: 3/3
   809 | D:2      | Found a bloodstained altar of Trog.
   826 | D:2      | Reached skill level 1 in Stealth
  1140 | D:2      | Reached XP level 4. HP: 34/34 MP: 4/4
  2270 | D:3      | Found a shimmering blue altar of Sif Muna.
  2412 | D:3      | Reached XP level 5. HP: 38/40 MP: 5/5
  2809 | D:4      | Noticed an ogre
  2818 | D:4      | Killed an ogre
  2818 | D:4      | Reached XP level 6. HP: 47/47 MP: 6/6
  2821 | D:4      | Reached skill level 1 in Evocations
  2833 | D:4      | Noticed Blork the orc
  2846 | D:4      | Killed Blork the orc
  3060 | D:4      | Found a white marble altar of Elyvilon.
  3072 | D:4      | Reached skill level 5 in Dodging
  3311 | D:5      | Entered Level 5 of the Dungeon
  3336 | D:5      | Found Ajufui's Assorted Antiques.
  3346 | D:5      | Found a bloodstained altar of Trog.
  3346 | D:5      | Noticed a sky beast
  3347 | D:5      | Found a hazy altar of Hepliaklqana.
  3349 | D:5      | Found an iron altar of Okawaru.
  3349 | D:5      | Found a shadowy altar of Dithmenos.
  3349 | D:5      | Found a shattered altar of Ashenzari.
  3351 | D:5      | Found a white marble altar of Elyvilon.
  3351 | D:5      | Found a shimmering altar of Xom.
  3369 | D:5      | Reached skill level 5 in Stealth
  3369 | D:5      | Reached XP level 7. HP: 48/52 MP: 7/7
  3375 | D:5      | Found an ornate altar of the Wu Jian Council.
  3381 | D:5      | Became a worshipper of Ashenzari the Shackled
  3401 | D:5      | Reached skill level 5 in Long Blades
  3694 | D:5      | Found a sacrificial altar of Ru.
  3827 | D:5      | Reached XP level 8. HP: 40/58 MP: 8/8
  3943 | D:5      | Found an opulent altar of Gozag.
  3943 | D:5      | Found a glowing silver altar of Zin.
  4059 | D:5      | Found a staircase to the Ecumenical Temple.
  4284 | Temple   | Entered the Ecumenical Temple
  4385 | D:6      | Noticed Pikel
  4420 | D:5      | Killed Pikel
  4763 | D:6      | Noticed Menkaure
  4776 | D:6      | Killed Menkaure
  4848 | D:6      | Noticed Eustachio
  4853 | D:6      | Found Uttoarui's Weapon Emporium.
  4861 | D:6      | Killed Eustachio
  4943 | D:6      | Found an ancient bone altar of Kikubaaqudgha.
  5010 | D:6      | Reached * piety under Ashenzari
  5045 | D:6      | Found a hide-covered altar of Uskayaw.
  5277 | D:6      | Bought a +0 long sword of electrocution for 160 gold pieces
  5552 | D:6      | Reached XP level 9. HP: 63/63 MP: 9/9
  5740 | D:7      | Found a shimmering blue altar of Sif Muna.
  5906 | D:7      | Reached skill level 1 in Armour
  5906 | D:7      | Reached skill level 1 in Shields
  6489 | D:7      | Found a glowing golden altar of the Shining One.
  6628 | D:8      | Found Hauvuica's Weapon Emporium.
  7413 | D:8      | Noticed Gastronok
  7446 | D:8      | Killed Gastronok
  7446 | D:8      | Reached skill level 10 in Stealth
  7446 | D:8      | Reached XP level 10. HP: 55/70 MP: 10/10
  7694 | D:9      | Noticed Grum
  7695 | D:9      | Noticed Erolcha
  8378 | D:9      | Killed Erolcha
  8654 | D:9      | Killed Grum
  8970 | D:10     | Entered Level 10 of the Dungeon
  9271 | D:10     | Reached ** piety under Ashenzari
  9313 | D:10     | Reached XP level 11. HP: 57/78 MP: 11/11
  9461 | D:10     | Learned a level 4 spell: Petrify
  9961 | D:11     | Noticed a purple ugly thing
  9985 | D:11     | Found a staircase to the Lair.
 10007 | D:11     | Noticed a seven-headed hydra
 10033 | D:11     | Killed a 15-headed hydra
 10033 | D:11     | Reached skill level 5 in Fighting
 10033 | D:11     | Reached skill level 5 in Armour
 10033 | D:11     | Reached skill level 10 in Dodging
 10196 | D:11     | Killed a purple ugly thing
 10196 | D:11     | Reached skill level 1 in Transmutations
 10306 | D:11     | Noticed a green ugly thing
 10704 | D:11     | Found Wumaepiloro's Magic Scroll Boutique.
 10709 | D:11     | Identified a scroll of acquirement
 10709 | D:11     | Acquired the cursed +5 demon blade of Satyriasis {venom,
                  | rC+ SInv}
 10839 | D:12     | Found a flagged portal.
 10848 | Bailey   | Entered a bailey
 10926 | Bailey   | Found a burning altar of Makhleb.
 10990 | Bailey   | Noticed an orc knight
 11001 | Bailey   | Killed an orc knight
 11205 | D:12     | Noticed a fire crab
 11214 | D:12     | Killed from afar by a fire crab

Illustrated notes

Levels and vault maps discovered:
D:1:      lordsloth_arrival_two_stooges, layout_loops_ring, serial_bayou_pond_a
D:2:      layout_basic, trog_hazing_becter
D:3:      layout_basic, led_sif_book
D:4:      layout_basic, hangedman_abyss_or_decor_slice, elyvilon_altar_1,
          uniq_blork_the_orc
D:5:      layout_loops_ring, grunt_temple_overflow_gold_and_silver,
          lemuel_doored_altar, grunt_temple_overflow_open, serial_shops,
          nicolae_shop_statue_plus
D:6:      layout_layer_cave, kiku_gazebo_garden_becter, kennysheep_little_box,
          serial_shops, shop, uniq_eustachio, uniq_menkaure, uniq_pikel
D:7:      layout_basic, kennysheep_mini, old_standard_altar
D:8:      layout_loops_cross, serial_shops, shop, minmay_diced_spiral,
          uniq_gastronok
D:9:      layout_long_grid, uniq_erolcha, uniq_grum
D:10:     layout_roguey
D:11:     layout_rooms, lair_entry_dummy, serial_shops,
          nicolae_shop_behind_doors
D:12:     minmay_the_grid_octo_tiled_octocenter_mashed
          [minmay_the_grid_octo_toaster, minmay_the_grid_octo_odd_swirl,
          minmay_the_grid_octo_clover_2, minmay_the_grid_octo_teeth,
          minmay_the_grid_octo_prize_square_snowflake,
          minmay_the_grid_square_5x5_broken_cross, minmay_the_grid_square_5x5_c,
          minmay_the_grid_square_5x5_three_walls,
          minmay_the_grid_square_5x5_bracketed], layout_loops_ring,
          enter_bailey_6, serial_bayou_lagoon_b
Temple:   corrupted_temple

Skill      XL: |  1  2  3  4  5  6  7  8  9 10 11 |
---------------+----------------------------------+-----
Fighting       | 2 3 4 5 |  5.0
Throwing       | 2 |  2.0
Stealth        | 1 2 4 5 6 8 10 | 10.7
Dodging        | 4 5 6 7 8 9 10 | 10.5
Long Blades    | 4 5 6 7 8 9 |  9.7
Evocations     | 1 3 4 |  4.4
Armour         | 3 4 5 |  5.8
Shields        | 3 4 |  4.0
Transmutations | 3 |  3.0

Action                   |  1- 3 |  4- 6 |  7- 9 | 10-12 || total
-------------------------+-------+-------+-------+-------++-------
Melee: Long sword        |    19 |       |   124 |   279 ||   422
       Bite              |     6 |    14 |    40 |    53 ||   113
       Short sword       |    71 |   121 |   208 |    19 ||   419
       Demon blade       |       |       |       |    65 ||    65
Throw: Throwing net      |       |       |       |     1 ||     1
Invok: Curse Item        |       |       |     1 |       ||     1
Evoke: Wand              |       |       |       |    13 ||    13
  Use: Scroll            |       |     6 |     6 |    10 ||    22
       Potion            |       |       |     3 |     1 ||     4
 Stab: Sleeping          |       |     3 |     8 |    10 ||    21
       Distracted        |       |       |       |     1 ||     1
       Paralysed         |       |       |       |    13 ||    13
       Held in net/web   |       |       |       |     1 ||     1
Armor: Leather armour    |    27 |       |       |       ||    27
       Ring mail         |    15 |    27 |    68 |    91 ||   201
       Skin              |       |       |    15 |       ||    15
Dodge: Dodged            |    69 |    73 |   154 |   277 ||   573
Block: Buckler           |       |       |    61 |   145 ||   206
       Rpst.: Long sword |     3 |       |    15 |    51 ||    69
       Demon blade       |       |       |       |    13 ||    13

Table legend: (Time is in decaauts)
 A = Elapsed time spent in this place.
 B = Non-inter-level travel time spent in this place.
 C = Inter-level travel time spent in this place.
 D = Time resting spent in this place.
 E = Time spent auto-exploring this place.
 F = Levels seen in this place.
 G = Mean time per level.
                   A        B        C        D        E       F      G
               +--------+--------+--------+--------+--------+-----+--------+
         Total |  11188 |  10634 |    554 |   1800 |   6112 |  14 |  799.1 |
       Dungeon |  10972 |  10431 |    541 |   1776 |   6083 |  12 |  914.3 |
        Temple |     43 |     30 |     13 |      0 |     29 |   1 |   43.0 |
        Bailey |    172 |    172 |      0 |     24 |      0 |   1 |  172.0 |
               +--------+--------+--------+--------+--------+-----+--------+

Top non-repeatable levels by time:
     D:9: 1299 daAuts
     D:5: 1244 daAuts
     D:7: 1171 daAuts
     D:2: 1020 daAuts
     D:6: 1013 daAuts
    D:10: 972 daAuts
     D:3: 920 daAuts
     D:8: 880 daAuts
    D:11: 831 daAuts
     D:1: 691 daAuts
     D:4: 680 daAuts
    D:12: 245 daAuts
  Bailey: 172 daAuts
  Temple: 43 daAuts
